 Dungeon Crawl Stone Soup version 0.32-a0-900-g30fb1b0edc (webtiles) character file.

Game seed: 4808681773086860947

870 Doorstop00 the Cleaver (level 7, -9/61 HPs)
             Began as a Minotaur Berserker on Apr 5, 2024.
             Was a Priest of Trog.
             Mangled by Duvessa
             ... wielding a +0 short sword
              (10 damage)
             ... on level 5 of the Dungeon.
             The game lasted 00:13:56 (4399 turns).

Doorstop00 the Cleaver (Minotaur Berserker)         Turns: 4399, Time: 00:13:56

Health: -9/61      AC: 11    Str: 22    XL:     7   Next: 73%
Magic:  0/6        EV: 10    Int:  6    God:    Trog [***...]
Gold:   285        SH:  0    Dex:  9    Spells: 6/6 levels left

rFire   . . .        a - +1 hand axe
rCold   . . .        (no shield)
rNeg    + . .        k - +0 scale mail
rPois   .            (helmet restricted)
rElec   .            (no cloak)
rCorr   .            d - +0 pair of gloves
SInv    .            m - +2 pair of boots
Will    .....        h - amulet of guardian spirit Stlth
                     g - ring of positive energy
HPRegen 0.30/turn    (no ring)
MPRegen 0.10/turn

%: guardian spirit
@: no status effects
A: horns 2, retaliatory headbutt
a: Renounce Religion, Berserk, Trog's Hand


You were on level 5 of the Dungeon.
You worshipped Trog.
Trog was most pleased with you.
You visited 1 branch of the dungeon, and saw 5 of its levels.

You collected 285 gold pieces.

Inventory:

Hand Weapons
 a - a +1 hand axe (weapon)
Armour
 d - a +0 pair of gloves (worn)
 f - a +2 leather armour of poison resistance
 k - a +0 scale mail (worn)
 m - a +2 pair of boots (worn)
Jewellery
 g - a ring of positive energy (left hand)
 h - an amulet of guardian spirit (around neck)
Wands
 n - a wand of digging (6)
Scrolls
 b - a scroll of enchant weapon
 j - a scroll of identify
 l - a scroll of immolation {unknown}
Potions
 c - a potion of mutation
 e - 2 potions of heal wounds
 i - 2 potions of lignification {unknown}
 o - a potion of haste {unknown}
 p - 2 potions of cancellation {unknown}


   Skills:
 * Level 5.5 Fighting
 * Level 8.5 Axes
 * Level 4.5 Armour
 * Level 4.1 Dodging
 + Level 0.9 Stealth


You had 6 spell levels left.
You didn't know any spells.
Your spell library was empty.

Dungeon Overview and Level Annotations

Branches:
Dungeon (5/15)             Temple (0/1) D:5

Altars:
Dithmenos

Shops:
D:4 *

Annotations:
D:5 Duvessa


Innate Abilities, Weirdness & Mutations

You have a pair of horns on your head.
You reflexively headbutt those who attack you in melee.


Message History

Trog accepts your kill.
Trog appreciates your killing of a magic user.
Duvessa weeps, and shakes her weapon.
Duvessa goes berserk!
You hit Duvessa. Duvessa hits you but does no damage.
You closely miss Duvessa. You headbutt Duvessa.
Duvessa is moderately wounded.
Duvessa hits you with a +0 short sword! x2
You hit Duvessa but do no damage.
Duvessa is moderately wounded.
Duvessa completely misses you.
You slash Duvessa! Your headbutt misses Duvessa.
Duvessa is heavily wounded.
Duvessa hits you with a +0 short sword.
You hit Duvessa. Your headbutt misses Duvessa.
Duvessa is heavily wounded.
Duvessa hits you with a +0 short sword. Duvessa hits you but does no damage.
You hit Duvessa. You headbutt Duvessa.
Duvessa is severely wounded.
Duvessa hits you with a +0 short sword!
You are too injured to fight recklessly!
You are too injured to fight recklessly!
You are too injured to fight recklessly!
You barely miss Duvessa. You headbutt Duvessa, but do no damage.
Duvessa is severely wounded.
Duvessa hits you with a +0 short sword!
You hit Duvessa but do no damage.
Duvessa is severely wounded.
Duvessa hits you with a +0 short sword!
* * * LOW HITPOINT WARNING * * *
You hit Duvessa but do no damage.
Duvessa is severely wounded.
Duvessa hits you but does no damage. Duvessa barely misses you.
You closely miss Duvessa.
Duvessa is severely wounded.
Duvessa hits you with a +0 short sword!
* * * LOW HITPOINT WARNING * * *
You hit Duvessa. You headbutt Duvessa!
Duvessa is almost dead.
Duvessa hits you with a +0 short sword!
You die...

..........# ..........#
..........# #####
..........# #######....
..........# #..........
...?......# #.......>..
.......e).# ##..........
.......@..###...........
....?...................
...................)....
########...........))...
#................
########
#................
........
.....#######.........
..##### .....
######......... ....#
#.........
#....).........


You could see Duvessa (berserk).

Vanquished Creatures
  Sigmund (D:5)
  Menkaure (D:5)
  A black bear (D:5)
  Dowan (D:5)
  2 hounds
  A gnoll bouda (D:5)
  A sleepcap (D:4)
  An iguana (D:5)
  6 orc wizards
  3 gnolls (D:5)
  2 adders (D:2)
  4 ribbon worms
  15 orcs
  5 endoplasms
  8 giant cockroaches
  7 goblins
  8 hobgoblins
  A jackal (D:1)
  5 kobolds
  6 quokkas
  7 ball pythons
  6 bats
  7 frilled lizards
  6 rats
105 creatures vanquished.

Notes
Turn   | Place    | Note
-------+----------+-------------------------------------------
     0 | D:1      | Doorstop00 the Minotaur Berserker began the quest for the
                  | Orb.
     0 | D:1      | Reached XP level 1. HP: 19/19 MP: 0/0
   193 | D:1      | Reached skill level 4 in Axes
   230 | D:1      | Reached XP level 2. HP: 27/27 MP: 1/1
   700 | D:1      | Reached XP level 3. HP: 33/33 MP: 2/2
   701 | D:1      | Reached ** piety under Trog
  1271 | D:2      | Reached skill level 5 in Axes
  1521 | D:2      | Reached XP level 4. HP: 39/40 MP: 3/3
  2293 | D:3      | Reached XP level 5. HP: 15/47 MP: 2/4
  2660 | D:3      | Reached skill level 6 in Axes
  2825 | D:4      | Reached *** piety under Trog
  2864 | D:4      | Reached XP level 6. HP: 37/55 MP: 2/5
  2885 | D:4      | Reached skill level 5 in Fighting
  3235 | D:4      | Found a shadowy altar of Dithmenos.
  3477 | D:4      | Found Jeschotiu's General Store.
  3555 | D:5      | Entered Level 5 of the Dungeon
  3560 | D:5      | Noticed Menkaure
  3566 | D:5      | Killed Menkaure
  3567 | D:5      | Reached skill level 7 in Axes
  3658 | D:5      | Noticed Sigmund
  3668 | D:5      | Killed Sigmund
  3669 | D:5      | Reached XP level 7. HP: 39/61 MP: 2/6
  4130 | D:5      | Reached skill level 8 in Axes
  4346 | D:5      | Found a staircase to the Ecumenical Temple.
  4382 | D:5      | Noticed Dowan
  4383 | D:5      | Noticed Duvessa
  4389 | D:5      | Killed Dowan
  4398 | D:5      | HP: 1/61 [Duvessa/+0 short sword (14)]
  4399 | D:5      | Mangled by Duvessa

Illustrated notes

Levels and vault maps discovered:
D:1:      heliophobic_arrival_dark_side_of_the_moon, layout_basic,
          chequers_jeans, minmay_octomino_e4
D:2:      minmay_chambers_of_twos, layout_loops_ring
D:3:      layout_basic
D:4:      layout_rooms, mainiacjoe_overflow_cross_hatched, serial_shops,
          nicolae_take_the_stairs, minmay_misc_feat_alley
D:5:      layout_basic, minmay_temple_entry_from_below_a, uniq_menkaure,
          uniq_duvessa, uniq_sigmund

Skill      XL: |  1  2  3  4  5  6  7 |
---------------+----------------------+-----
Axes           | 4 5 6 7 8 |  8.5
Fighting       | 4 5 |  5.5
Armour         | 3 4 |  4.5
Dodging        | 3 4 |  4.1
Stealth        | |  0.9

Action                     |  1- 3 |  4- 6 |  7- 9 || total
---------------------------+-------+-------+-------++-------
  Melee: Hand axe          |    91 |   152 |    42 ||   285
         Headbutt          |    11 |    18 |    12 ||    41
 Invoke: Berserk           |       |     2 |       ||     2
    Use: Scroll            |     6 |     2 |       ||     8
 Armour: Animal skin       |    47 |       |       ||    47
         Leather armour    |    17 |   120 |       ||   137
         Scale mail        |       |     4 |    50 ||    54
  Dodge: Dodged            |    46 |    70 |    24 ||   140

Table legend: (Time is in decaauts)
 A = Elapsed time spent in this place.
 B = Non-inter-level travel time spent in this place.
 C = Inter-level travel time spent in this place.
 D = Time resting spent in this place.
 E = Time spent auto-exploring this place.
 F = Levels seen in this place.
 G = Mean time per level.
                   A        B        C        D        E       F      G
               +--------+--------+--------+--------+--------+-----+--------+
         Total |   4424 |   4260 |    164 |    604 |   2887 |   5 |  884.8 |
       Dungeon |   4424 |   4260 |    164 |    604 |   2887 |   5 |  884.8 |
               +--------+--------+--------+--------+--------+-----+--------+

Top non-repeatable levels by time:
     D:2: 1025 daAuts
     D:1: 944 daAuts
     D:5: 860 daAuts
     D:3: 856 daAuts
     D:4: 736 daAuts
